 Dungeon Crawl Stone Soup version 0.29.1-1-gd02db6906a (webtiles) character file.

Game seed: 10102662770987008556

51 Godmorgon the Conjurer (level 3, -1/19 HPs)
             Began as a Tengu Conjurer on Oct 14, 2022.
             Succumbed to Ijyb's poison
             ... on level 2 of the Dungeon.
             The game lasted 00:06:32 (1670 turns).

Godmorgon the Conjurer (Tengu Conjurer)             Turns: 1670, Time: 00:06:32

Health: -1/19      AC:  2    Str:  7    XL:     3   Next: 83%
Magic:  2/7        EV: 12    Int: 20    God:
Gold:   101        SH:  0    Dex: 18    Spells: 1/6 levels left

rFire   . . .      SeeInvis .   a - +0 dagger
rCold   . . .      Faith    .   (no shield)
rNeg    . . .      Spirit   .   c - +0 robe
rPois   .          Reflect  .   (helmet restricted)
rElec   .          Harm     .   (no cloak)
rCorr   .          Rampage  .   (no gloves)
Will    .....                   (boots unavailable)
Stlth   ++........              d - amulet of regeneration
HPRegen 0.86/turn               i - +6 ring of dexterity
MPRegen 0.10/turn               (no ring)

@: lethally poisoned (-1 -> -9)
A: beak, talons 3
a: no special abilities


You were on level 2 of the Dungeon.
You visited 1 branch of the dungeon, and saw 2 of its levels.

You collected 101 gold pieces.

Inventory:

Hand Weapons
 a - a +0 dagger (weapon)
Armour
 c - a +0 robe (worn)
Jewellery
 d - an amulet of regeneration (around neck)
 i - a +6 ring of dexterity (left hand)
Scrolls
 g - 2 scrolls of amnesia {unknown}
 h - a scroll of teleportation {unknown}
 k - a scroll of poison {unknown}
Potions
 e - a potion of mutation {unknown}
 f - a potion of ambrosia {unknown}
 j - a potion of curing {unknown}
 l - a potion of might {unknown}


   Skills:
 - Level 2.1 Dodging
 - Level 2.0 Stealth
 + Level 2.3 Spellcasting
 + Level 5.9 Conjurations
 * Level 2.0 Air Magic
 * Level 1.4 Poison Magic


You had one spell level left.
You knew the following spells:

 Your Spells              Type           Power      Damage    Failure   Level
d - Magic Dart            Conj           100%       1d8       1%          1
p - Poisonous Vapours     Pois/Air       18%        N/A       12%         2
s - Searing Ray           Conj           52%        2d6       1%          2

Your spell library contained the following spells:

 Spells                   Type           Power      Damage    Failure   Level
 Sting                    Tmut/Pois      20%        1d4       12%         1
 Dazzling Flash           Conj/Hex       28%        N/A       14%         3
 Fulminant Prism          Conj/Hex       7%         3d7       41%         4
 Iskenderun's Mystic Bla  Conj/Tloc      14%        2d5       41%         4
 Olgreb's Toxic Radiance  Pois           8%         N/A       63%         4


Dungeon Overview and Level Annotations

Branches:
Dungeon (2/15)

Altars:
Xom

Annotations:
D:2 Ijyb


Innate Abilities, Weirdness & Mutations

You have a beak for a mouth.
You have claws for feet.


Message History

Ijyb zaps a wand.
You suddenly lose the ability to move!
You feel sick. Ijyb barely misses you.
You can move again.
Okay, then.
Magic courses through your body.
You feel sick.
Ijyb hits you with a +0 dagger of venom.
You are more poisoned.
Casting: Magic Dart (safe; 1% risk of failure)
Confirm with . or Enter, or press ? or * to list all spells.
Aiming: Searing Ray (safe; 1% risk of failure)
Press: ? - help, Shift-Dir - straight line, f/p - Ijyb
Aim: Ijyb, wielding a +0 dagger of venom, wearing a +0 ring mail and carrying a wand of paralysis (4) (moderately wounded, 77% to hit)
Okay, then.
Casting: Searing Ray (safe; 1% risk of failure)
Confirm with . or Enter, or press ? or * to list all spells.
Aiming: Searing Ray (safe; 1% risk of failure)
Press: ? - help, Shift-Dir - straight line, f/p - Ijyb
Aim: Ijyb, wielding a +0 dagger of venom, wearing a +0 ring mail and carrying a wand of paralysis (4) (moderately wounded, 77% to hit)
The searing ray hits Ijyb.
Ijyb is moderately wounded. (Press . to maintain the ray.)
You feel very sick.
Ijyb hits you with a +0 dagger of venom.
* * * LOW HITPOINT WARNING * * *
The searing ray hits Ijyb.
Ijyb is moderately wounded.
You feel sick.
Ijyb hits you with a +0 dagger of venom.
* * * LOW HITPOINT WARNING * * *
The searing ray hits Ijyb.
Ijyb is heavily wounded.
* * * LOW HITPOINT WARNING * * *
You feel sick.
Ijyb hits you with a +0 dagger of venom.
* * * LOW HITPOINT WARNING * * *
You are more poisoned.
The searing ray hits Ijyb.
Ijyb is heavily wounded.
You finish channelling your searing ray.
You die...

#.##.#### #.# #.
####.##....####### #.# #.
.#...............## #.########.
...........####...#####..........
.#.######...............###......
.#.# ##.####...####..# #.#####
.#.# #.# ##.## #.## #.# .#.# #.#
#g# #.# #.# .#.# #.# #@#####.#
#.# .#.# #.# #.......# #.# .#.#
#.# #######.###..#####
...#######g# #........>..
....g......###########...........
.############.......)....._......
## #.########........... #.#
#.#.....#### # #># #.##......<.


You could see Ijyb.

Vanquished Creatures
  An adder (D:2)
  A worm (D:2)
  3 endoplasms (D:1)
  8 goblins
  A hobgoblin (D:1)
  3 quokkas (D:1)
  4 ball pythons (D:1)
  4 bats
  3 frilled lizards (D:1)
  4 kobolds
  7 rats
39 creatures vanquished.

Notes
Turn   | Place    | Note
-------+----------+-------------------------------------------
     0 | D:1      | Godmorgon the Tengu Conjurer began the quest for the Orb.
     0 | D:1      | Reached XP level 1. HP: 10/10 MP: 4/4
   151 | D:1      | Reached XP level 2. HP: 15/15 MP: 0/6
   155 | D:1      | Learned a level 2 spell: Poisonous Vapours
   158 | D:1      | Learned a level 2 spell: Searing Ray
   432 | D:1      | Reached skill level 1 in Air Magic
   655 | D:1      | Reached XP level 3. HP: 19/19 MP: 4/7
   834 | D:1      | Found a faded altar of an unknown god.
   866 | D:1      | Reached skill level 1 in Poison Magic
  1122 | D:2      | Found a shimmering altar of Xom.
  1623 | D:2      | Noticed Ijyb
  1664 | D:2      | Paralysed by Ijyb for 2 turns
  1670 | D:2      | Succumbed to Ijyb's poison

Illustrated notes

Levels and vault maps discovered:
D:1:      roderic_octagonal_star, layout_basic, basic_ecumenical_altar
D:2:      kennysheep_the_goblin_king, layout_loops_ring, basic_altar

Skill      XL: |  1  2  3 |
---------------+----------+-----
Air Magic      | 1 2 |  2.0
Poison Magic   | 1 |  1.4
Dodging        | |  2.1
Stealth        | |  2.0
Spellcasting   | |  2.3
Conjurations   | |  5.9

Action                   || total
-------------------------++-------
Melee: Dagger            ||     1
 Cast: Magic Dart        ||    27
       Searing Ray       ||    23
       Poisonous Vapours ||     1
  Use: Potion            ||     1
Armor: Robe              ||     3
Dodge: Dodged            ||     7
